 Dungeon Crawl Stone Soup version 0.27-a0-1423-ge5d6b6ab6a (webtiles) character file.

Game seed: 18156306352261417227

452 HAL9000 the Changer (level 6, -7/47 HPs)
             Began as a Draconian Transmuter on July 2, 2021.
             Mangled by an ogre (10 damage)
             ... on level 5 of the Dungeon.
             The game lasted 00:07:49 (4858 turns).

HAL9000 the Changer (Draconian Transmuter)          Turns: 4858, Time: 00:07:49

Health: -7/47      AC:  2    Str: 17    XL:     6   Next: 75%
Magic:  6/9        EV: 19    Int: 15    God:
Gold:   192        SH:  0    Dex: 17    Spells: 3/9 levels left

rFire    . . .     SeeInvis +     - Unarmed
rCold    + . .     Faith    .   (shield currently unavailable)
rNeg     . . .     Spirit   .   (armour unavailable)
rPois    .         Reflect  .   (helmet currently unavailable)
rElec    .         Harm     .   (cloak currently unavailable)
rCorr    .         Rampage  .   (gloves currently unavailable)
Will     .....                  (boots currently unavailable)
Stlth    ++........             (no amulet)
HPRegen  0.15/turn              g - ring of protection from cold
MPRegen  0.11/turn              q - ring of Xahufal {+Blink rPois Str+5 SInv}

@: spider-form
A: venomous fangs, AC +6, tiny, unfitting armour, (cold-blooded)
a: End Transformation, Evoke Blink


You were on level 5 of the Dungeon.
You were a venomous arachnid creature.
You visited 1 branch of the dungeon, and saw 5 of its levels.

You collected 192 gold pieces.

Inventory:

Hand Weapons
 a - the +5 hunting sling of Kuocwaof (melded) {flame, Stlth+}
   (You found it on level 4 of the Dungeon)

   It causes projectiles fired from it to burn those they strike, causing extra
   injury to most foes and up to half again as much damage against particularly
   susceptible opponents.
   Stlth:     It makes you more stealthy.
Missiles
 i - 5 silver boomerangs (quivered)
 o - 18 sling bullets
 p - 71 stones
Armour
 b - a +0 pair of boots (melded)
 e - a +0 cloak (melded)
Jewellery
 g - a ring of protection from cold (left front leg)
 q - the ring of Xahufal (right front leg) {+Blink rPois Str+5 SInv}
   (You found it on level 5 of the Dungeon)

   [ring of see invisible]

   Str:       It affects your strength (+5).
   rPois:     It protects you from poison.
   SInv:      It lets you see invisible.
   +Blink:    It lets you blink.
Wands
 s - a wand of paralysis (12)
Scrolls
 c - a scroll of identify
 d - 3 scrolls of fear
 f - a scroll of amnesia
 n - a scroll of blinking {unknown}
 t - a scroll of holy word {unknown}
Potions
 h - a potion of resistance {unknown}
 j - 2 potions of heal wounds {unknown}
 k - a potion of curing {unknown}
 l - a potion of flight {unknown}
 m - a potion of ambrosia {unknown}
 r - a potion of brilliance {unknown}


   Skills:
 + Level 1.6 Fighting
 - Level 1.7 Dodging
 + Level 4.0 Unarmed Combat
 - Level 2.0 Spellcasting
 - Level 6.7 Transmutations


You had 3 spell levels left.
You knew the following spells:

 Your Spells              Type           Power      Damage    Failure   Level
a - Beastly Appendage     Tmut           42%        N/A       6%          1
b - Spider Form           Tmut/Pois      5%         N/A       36%         3
c - Wereblood             Tmut           21%        N/A       9%          2

Your spell library contained the following spells:

 Spells                   Type           Power      Damage    Failure   Level
 Foxfire                  Conj/Fire      4%         2x1d4     43%         1
 Summon Small Mammal      Summ           4%         N/A       43%         1
 Call Canine Familiar     Summ           1%         N/A       75%         3
 Conjure Flame            Conj/Fire      1%         6-21      75%         3
 Gell's Gravitas          Tloc           0%         N/A       75%         3
 Inner Flame              Hex/Fire       1%         N/A       75%         3
 Lesser Beckoning         Tloc           0%         N/A       75%         3
 Summon Guardian Golem    Hex/Summ       1%         N/A       75%         3
 Teleport Other           Tloc           1%         N/A       75%         3
 Tukima's Dance           Hex            1%         N/A       75%         3
 Ice Form                 Ice/Tmut       11%        N/A       71%         4
 Yara's Violent Unravell  Hex/Tmut       5%         3d4       94%         5
 Passage of Golubria      Tloc           N/A        N/A       98%         4


Dungeon Overview and Level Annotations

Branches:
Dungeon (5/15)
 Temple: D:4-7

Altars:
Dithmenos
Nemelex Xobeh
Sif Muna

Shops:
D:2 *:=[


Innate Abilities, Weirdness & Mutations

You are a venomous arachnid creature.
You have poisonous fangs.
You are tiny and dextrous.
Your spellcasting is less reliable in this form.
Your armour is entirely melded.
You are incapable of wielding weapons or throwing items.
((Your plain brown scales are hard. (AC +6)))
You cannot fit into any form of body armour.
((You are cold-blooded and may be slowed by cold attacks.))


Message History

Your +0 cloak unmelds from your body.
Your +0 pair of boots unmelds from your body.
You start resting.
HP restored.
Found a book of Callings.
You now have 192 gold pieces (gained 3). 2 ogres come into view.
The ogre shouts!
There are monsters nearby!
The +5 hunting sling of Kuocwaof {flame, Stlth+} bursts into flame!
a - the +5 hunting sling of Kuocwaof (weapon)
{flame, Stlth+} You shoot a sling bullet.
The sling bullet hits the ogre.
The sling bullet burns the ogre.
The ogre is moderately wounded.
You shoot a sling bullet.
The sling bullet barely misses the ogre.
The sling bullet hits the ogre.
The sling bullet burns the ogre.
The ogre is moderately wounded.
You shoot a sling bullet. The sling bullet hits the ogre.
The sling bullet burns the ogre.
The ogre is heavily wounded.
You shoot a sling bullet.
The sling bullet barely misses the ogre. x2
The ogre hits you with a +0 giant club!
Casting: Spider Form (dangerous; 17% risk of failure)
Confirm with . or Enter, or press ? or * to list all spells.
You turn into a venomous arachnid creature.
The +5 hunting sling of Kuocwaof {flame, Stlth+} melds into your body.
Your +0 cloak melds into your body.
Your +0 pair of boots melds into your body.
The +5 hunting sling of Kuocwaof {flame, Stlth+} stops flaming.
You hit the ogre.
The ogre is heavily wounded.
The ogre hits you with a +0 giant club!!
Ouch! That really hurt!
* * * LOW HITPOINT WARNING * * *
You hit the ogre.
The ogre is severely wounded.
The ogre hits you with a +0 giant club!
You die...

#############...
#..........(.(#
#.###.........(.
#.#.#..########.
#.#.#..#########
#.#....OOs.....#
#.#.#..#######.#
#.#.#..#####.#.#
#.#.#........#.#####.
#.#...................
#.######..##.#.###...#
#............#.# .#
#######.#....#.#
...##.#....#.#


You could see 2 ogres.

Vanquished Creatures
  An ogre (D:3)
  A centaur (D:5)
  A bullfrog skeleton (D:5)
  An orc priest (D:3)
  2 jellies (D:4)
  An orc wizard (D:3)
  A hound skeleton (D:4)
  4 adders
  2 adder skeletons (D:4)
  A worm (D:4)
  A dart slug (D:1)
  11 orcs
  5 ball pythons
  4 endoplasms
  A giant cockroach (D:2)
  11 goblins
  8 hobgoblins
  5 jackals
  3 quokkas
  5 bats
  4 frilled lizards
  6 kobolds
  4 rats
83 creatures vanquished.

Notes
Turn   | Place    | Note
-------+----------+-------------------------------------------
     0 | D:1      | HAL9000 the Draconian Transmuter began the quest for the
                  | Orb.
     0 | D:1      | Reached XP level 1. HP: 16/16 MP: 3/3
   219 | D:1      | Found a faded altar of an unknown god.
   698 | D:2      | Reached XP level 2. HP: 21/23 MP: 3/5
   760 | D:2      | Reached skill level 3 in Transmutations
  1034 | D:2      | Found Tidamar's Book Boutique.
  1059 | D:2      | Found Adghiale's Jewellery Boutique.
  1236 | D:2      | Reached XP level 3. HP: 25/28 MP: 6/6
  1244 | D:2      | Learned a level 3 spell: Spider Form
  1247 | D:2      | Learned a level 2 spell: Wereblood
  1381 | D:2      | Found Jate's Armour Shop.
  1619 | D:2      | Found Nenytaa's Assorted Antiques.
  1979 | D:3      | Reached skill level 4 in Transmutations
  2416 | D:3      | Reached XP level 4. HP: 35/35 MP: 3/7
  2753 | D:3      | Reached skill level 5 in Transmutations
  3002 | D:3      | Noticed an ogre
  3009 | D:3      | Reached XP level 5. HP: 40/40 MP: 2/8
  3034 | D:3      | Killed an ogre
  3035 | D:3      | Reached skill level 6 in Transmutations
  3223 | D:3      | Found a shadowy altar of Dithmenos.
  3433 | D:4      | Reached XP level 6. HP: 27/47 MP: 5/9
  3843 | D:4      | Found a shimmering blue altar of Sif Muna.
  4018 | D:4      | Identified the +5 hunting sling of Kuocwaof {flame, Stlth+}
  4444 | D:5      | Entered Level 5 of the Dungeon
  4447 | D:5      | Found a sparkling altar of Nemelex Xobeh.
  4451 | D:5      | Identified the ring of Xahufal {+Blink rPois Str+5 SInv}
  4858 | D:5      | Mangled by an ogre

Illustrated notes

Levels and vault maps discovered:
D:1:      minmay_arrival_arboretum_small, layout_loops_cross,
          basic_ecumenical_altar, minmay_door_square
D:2:      layout_loops_ring, serial_shops, shop, shop, shop, nicolae_shop_trees,
          minmay_misc_feat_more_columns
D:3:      layout_rooms, nicolae_overflow_hidden_temple, minmay_ogre_servants
D:4:      layout_loops_ring, nicolae_sif_muna_condensation
D:5:      layout_basic, nemelex_xobeh_ov_fountains_minmay,
          general_overflow_altar, old_standard_altar, eino_tiny_chamber,
          grunt_ministairs_15, minmay_misc_feat_doors

Skill      XL: |  1  2  3  4  5  6 |
---------------+-------------------+-----
Transmutations | 3 4 5 6 |  6.7
Unarmed Combat | 4 |  4.0
Fighting       | |  1.6
Dodging        | |  1.7
Spellcasting   | |  2.0

Action                   |  1- 3 |  4- 6 || total
-------------------------+-------+-------++-------
Melee: Unarmed           |   117 |   156 ||   273
       Tailslap          |     9 |    11 ||    20
       Headbutt          |    11 |    12 ||    23
       Punch             |     1 |     2 ||     3
       Kick              |     9 |    16 ||    25
 Fire: Hunting sling     |       |     7 ||     7
Throw: Boomerang         |       |     3 ||     3
 Cast: Beastly Appendage |    18 |    16 ||    34
       Wereblood         |       |     4 ||     4
       Spider Form       |       |     5 ||     5
  Use: Scroll            |     3 |       ||     3
 Stab: Sleeping          |     1 |       ||     1
Armor: Skin              |    35 |    63 ||    98
Dodge: Dodged            |    75 |   112 ||   187

Table legend: (Time is in decaauts)
 A = Elapsed time spent in this place.
 B = Non-inter-level travel time spent in this place.
 C = Inter-level travel time spent in this place.
 D = Time resting spent in this place.
 E = Time spent auto-exploring this place.
 F = Levels seen in this place.
 G = Mean time per level.
                   A        B        C        D        E       F      G
               +--------+--------+--------+--------+--------+-----+--------+
         Total |   4843 |   4594 |    249 |    565 |   3377 |   5 |  968.6 |
       Dungeon |   4843 |   4594 |    249 |    565 |   3377 |   5 |  968.6 |
               +--------+--------+--------+--------+--------+-----+--------+

Top non-repeatable levels by time:
     D:3: 1437 daAuts
     D:2: 1210 daAuts
     D:4: 1095 daAuts
     D:1: 688 daAuts
     D:5: 412 daAuts
